Map: [TLMC15] Glittering Ashes

Players

Solar

  • Race: Zerg Zerg
  • League: Master

DPGZest (Zest) - Winner!

  • Race: Protoss Protoss

Event: StayAtHome Story Cup #4

VOD

Have the link to the VOD?

Description

Time

  • Played on: Oct. 23, 2021, 7:51 a.m.
  • Length: 10:16

All games in this series

Show
View Real Time Build Order
Export as new Build Order

Solar Zerg 

Build Orders: Hatch First 

Get SALT Encoding   

  12  0:01  Drone  
  13  0:12  Overlord  
  13  0:16  Drone  
  14  0:31  Drone x2  
  16  0:49  Hatchery  
  15  0:51  Drone  
  15  0:54  Drone  
  17  0:58  Drone  
  18  1:09  Extractor  
  17  1:14  Spawning Pool  
  17  1:17  Drone  
  17  1:20  Drone  
  18  1:28  Drone  
  19  1:39  Drone  
  20  1:49  Overlord  
  20  2:00  Queen  
  20  2:01  Queen  
  22  2:02  Zergling x2  
  22  2:03  Drone  
  26  2:10  Drone  
  26  2:12  Drone  
  26  2:14  Metabolic Boost  
  28  2:22  Drone x2  
  30  2:36  Hatchery  
  29  2:39  Drone  
  30  2:45  Queen  
  30  2:49  Overlord  
  30  2:51  Drone  
  33  2:53  Drone  
  33  2:56  Drone  
  33  2:57  Drone  
  36  3:09  Drone x2  
  36  3:11  Drone x3  
  41  3:14  Queen  
  41  3:18  Overlord  
  43  3:20  Zergling x2  
  43  3:26  Overlord  
  44  3:28  Overlord  
  44  3:44  Queen  
  44  3:45  Drone  
  44  3:47  Zergling x4  
  44  3:48  Zergling x4  
  51  3:49  Queen  
  51  3:50  Spore Crawler, Drone  
  51  3:52  Zergling x2  
  54  3:59  Drone x3  
  54  4:00  Spore Crawler  
  56  4:03  Drone  
  56  4:06  Overlord  
  56  4:09  Drone x2  
  58  4:11  Drone  
  58  4:14  Drone  
  58  4:15  Overlord  
  59  4:18  Drone  
  59  4:20  Drone  
  59  4:23  Drone  
  60  4:24  Evolution Chamber  
  60  4:26  Drone  
  60  4:29  Drone x2  
  60  4:30  Drone  
  62  4:31  Drone  
  62  4:33  Drone  
  62  4:35  Drone  
  65  4:39  Drone  
  65  4:40  Drone x2  
  65  4:44  Drone  
  68  4:47  Overlord  
  68  4:48  Drone x2  
  68  4:53  Queen, Zerg Melee Weapons Level 1  
  68  4:55  Drone, Extractor  
  68  4:57  Drone  
  68  4:58  Drone  
  71  5:03  Overlord  
  71  5:08  Drone x4  
  71  5:09  Drone x2  
  71  5:10  Drone x3  
  71  5:11  Drone  
  81  5:14  Drone, Extractor  
  81  5:15  Extractor  
  80  5:22  Overlord  
  80  5:23  Drone x2  
  80  5:24  Lair  
  82  5:28  Extractor  
  82  5:29  Extractor  
  82  5:32  Drone x2  
  82  5:35  Queen  
  82  5:36  Hatchery  
  82  5:38  Drone x3, Baneling Nest  
  82  5:41  Drone x2  
  82  5:42  Drone  
  88  5:46  Zergling x2  
  88  5:47  Zergling x6  
  88  5:49  Zergling x2  
  93  5:50  Overlord  
  93  5:52  Drone  
  93  5:58  Drone  
  93  6:01  Drone x2  
  96  6:04  Drone  
  96  6:05  Overlord  
  96  6:09  Drone x4  
  96  6:10  Drone, Extractor x2  
  100  6:11  Overlord  
  100  6:12  Queen  
  100  6:14  Overlord  
  100  6:15  Zergling x4  
  100  6:18  Drone  
  105  6:22  Spire  
  105  6:23  Zergling x2  
  105  6:25  Overseer  
  104  6:27  Overlord  
  104  6:29  Drone x2  
  106  6:34  Zergling x8  
  106  6:39  Centrifugal Hooks, Overlord  
  110  6:42  Drone  
  110  6:44  Drone x3  
  110  6:45  Drone x3  
  117  6:47  Queen  
  117  6:49  Drone, Overlord  
  120  6:55  Overlord  
  120  7:11  Zergling x2  
  120  7:16  Zerg Melee Weapons Level 2  
  116  7:34  Corruptor x14  
  116  7:35  Corruptor  
  146  7:38  Overlord  
  146  7:39  Zergling x4  
  146  7:40  Zerg Flyer Weapons Level 1  
  146  7:42  Zergling x4  
  146  7:43  Zergling x2  
  150  7:45  Corruptor  
  150  7:47  Zergling x6  
  150  7:49  Zergling x2  
  150  7:50  Zergling x2  
  150  7:51  Zergling x2  
  158  7:56  Corruptor x2  
  162  8:04  Overlord  
  162  8:05  Overseer, Overlord  
  162  8:06  Hatchery  
  162  8:07  Corruptor  
  162  8:11  Corruptor  
  165  8:16  Corruptor  
  167  8:23  Zergling x18  
  167  8:26  Zergling x4  
  168  8:30  Zergling x2  
  168  8:33  Corruptor x4  
  157  8:37  Corruptor  
  157  8:39  Zergling x6  
  154  8:42  Corruptor  
  154  8:48  Corruptor x2  
  154  8:52  Zergling x14  
  149  8:56  Zergling x2  
  149  8:57  Baneling x5  
  149  8:58  Baneling x4  
  149  8:59  Zergling x2  
  145  9:03  Corruptor  
  145  9:05  Zergling x4  
  145  9:08  Baneling x4  
  145  9:09  Zergling x2  
  146  9:15  Corruptor x2  
  150  9:19  Zergling x6  
  145  9:24  Zergling x2  
  145  9:28  Zergling x2  
  145  9:29  Baneling x3, Zergling x4  
  141  9:32  Zergling x12  
  141  9:33  Queen  
  141  9:35  Zergling x12  
  135  9:39  Queen, Zergling x4  
  135  9:40  Queen  
  135  9:42  Zergling x2  
  135  9:47  Zergling x2  
  135  9:48  Baneling  
  135  9:49  Baneling x7  
  135  9:50  Zergling x4  
  134  9:55  Baneling x2  
  134  9:56  Zergling x4  
  138  10:00  Baneling  
  138  10:01  Baneling x3  
Show
View Real Time Build Order
Export as new Build Order

DPGZest Protoss - Winner!

Build Orders: 1 Gate Expand, Oracle Opening 

Get SALT Encoding   

  12  0:00  Probe  
  13  0:12  Probe  
  14  0:20  Pylon  
  14  0:24  Probe  
  15  0:38  Probe (Chrono Boost)  
  15  0:40  Gateway  
  16  0:47  Probe (Chrono Boost)  
  17  0:50  Assimilator  
  17  0:52  Probe (Chrono Boost)  
  18  1:04  Probe  
  19  1:16  Probe  
  20  1:27  Nexus  
  20  1:37  Cybernetics Core  
  20  1:39  Probe  
  21  1:44  Assimilator  
  21  1:52  Probe  
  22  1:54  Pylon  
  22  2:04  Probe (Chrono Boost)  
  23  2:13  Adept  
  23  2:14  Probe (Chrono Boost)  
  26  2:18  Stargate  
  26  2:20  Probe (Chrono Boost)  
  27  2:26  Warp Gate  
  27  2:34  Probe (Chrono Boost)  
  28  2:39  Probe (Chrono Boost)  
  28  2:43  Adept  
  32  2:48  Probe x2 (Chrono Boost)  
  33  2:52  Void Ray (Chrono Boost)  
  33  2:53  Probe (Chrono Boost)  
  33  2:56  Probe  
  35  3:05  Probe  
  40  3:08  Probe  
  40  3:09  Pylon  
  41  3:14  Gateway  
  41  3:18  Probe  
  42  3:20  Probe  
  42  3:25  Oracle (Chrono Boost)  
  43  3:30  Probe  
  43  3:32  Probe  
  48  3:42  Probe  
  48  3:44  Probe  
  48  3:48  Nexus  
  50  3:51  Pylon  
  50  3:54  Probe  
  51  3:56  Probe  
  51  3:57  Assimilator  
  51  4:02  Assimilator  
  52  4:06  Probe  
  52  4:08  Probe  
  54  4:14  Pylon  
  54  4:18  Probe  
  54  4:20  Probe  
  54  4:21  Protoss Air Weapons Level 1  
  56  4:30  Probe  
  57  4:32  Probe  
  57  4:33  Pylon, Void Ray  
  57  4:35  Stargate  
  62  4:51  Probe x2  
  62  5:00  Probe (Chrono Boost)  
  62  5:03  Probe x2 (Chrono Boost)  
  65  5:07  Stargate  
  65  5:08  Pylon  
  65  5:11  Probe (Chrono Boost), Void Ray  
  65  5:12  Adept x2  
  65  5:13  Probe x2 (Chrono Boost)  
  72  5:14  Void Ray  
  72  5:16  Probe (Chrono Boost)  
  72  5:17  Probe x2 (Chrono Boost)  
  83  5:26  Probe  
  84  5:29  Shield Battery, Probe x2  
  84  5:31  Assimilator  
  84  5:32  Assimilator  
  86  5:36  Forge  
  86  5:38  Probe  
  86  5:41  Probe x2  
  89  5:45  Pylon  
  89  5:51  Void Ray (Chrono Boost)  
  89  5:54  Void Ray x2 (Chrono Boost)  
  91  5:59  Pylon  
  91  6:03  Pylon  
  101  6:11  Pylon  
  101  6:15  Nexus  
  101  6:17  Probe x2  
  103  6:19  Pylon  
  103  6:23  Fleet Beacon  
  103  6:31  Adept  
  103  6:32  Adept  
  107  6:35  Photon Cannon  
  107  6:36  Pylon  
  107  6:44  Robotics Facility  
  107  7:01  Carrier (Chrono Boost)  
  107  7:02  Carrier (Chrono Boost)  
  125  7:10  Gateway  
  125  7:11  Gateway x2, Carrier (Chrono Boost)  
  125  7:14  Gateway  
  125  7:17  Gateway  
  125  7:20  Flux Vanes  
  125  7:23  Zealot x2  
  129  7:36  Gateway x2  
  129  7:37  Observer  
  129  7:43  Gateway  
  129  7:44  Gateway  
  130  7:47  Gateway, Pylon  
  130  7:50  Photon Cannon  
  130  7:51  Probe x2  
  130  7:52  Probe  
  130  7:54  Shield Battery  
  130  7:57  Warp Prism (Chrono Boost)  
  130  7:58  Sentry x2  
  139  8:07  Sentry x4  
  147  8:27  Void Ray (Chrono Boost)  
  139  8:34  Void Ray (Chrono Boost)  
  139  8:35  Void Ray (Chrono Boost)  
  145  8:51  Stalker x9  
  145  8:52  Zealot x3  
  151  9:14  Stalker x2  
  151  9:15  Stalker x4  
  159  9:36  Stalker x5  
  159  9:37  Stalker  
  151  9:40  Stalker x3  
  151  9:51  Stalker x3  
  153  9:57  Probe x3  
  156  10:12  Stalker x5  
  156  10:13  Stalker x2, Zealot x2  
Tags
 
Add a new tag
Caveats
  • Supply blocks, unpowered buildings, or Contaminate may cause inaccurate times.
  • Supply counts are checked every 10 seconds.